 Dungeon Sprint DCSS version 0.30.1-5-ged363bc7ee (webtiles) character file.

Game seed: 1900081493002797540

6 Heoruswealwe the Shield-Bearer (level 2, -25/27 HPs)
             Began as a Formicid Fighter on Sept 19, 2023.
             Was an Initiate of the Shining One.
             Killed from afar by a deep elf zephyrmancer (38 damage)
             ... with a bolt of lightning
             ... in the Dungeon (Sprint V: "Ziggurat Sprint").
             The game lasted 00:09:54 (218 turns).

Heoruswealwe the Shield-Bearer (Formicid Fighter)    Turns: 218, Time: 00:09:56

Health: -25/27     AC: 19    Str: 32    XL:     2   Next: 0%
Magic:  2/2        EV:  0    Int:  7    God:    the Shining One [......]
Gold:   0          SH: 28    Dex: 13    Spells: 1/1 levels left

rFire   + . .        a - +10 dark maul {heavy}
rCold   + . .        d - +18 shield of the Gong {Loud rN+ Will+ rCorr EV-5}
rNeg    + . .        c - +5 gold dragon scales
rPois   +            (helmet unavailable)
rElec   .            (no cloak)
rCorr   +            (no gloves)
SInv    +            (no boots)
Will    +....        (no amulet) Stlth
                     k - +6 ring of strength
HPRegen 0.24/turn    j - +6 ring of strength
MPRegen 0.08/turn

%: no passive effects
@: glowing
A: permanent stasis, dig shafts and tunnels, antennae 3, four strong arms
a: Dig, Renounce Religion


You were in the Dungeon.
You worshipped the Shining One.
The Shining One was noncommittal.
You visited 1 branch

Inventory:

Hand Weapons
 a - the +10 dark maul (weapon) {heavy}
   (You found it in the Dungeon)
 b - the +7 great mace "Firestarter" {flame, immolate, rFlCloud rF++}
   (You found it in the Dungeon)

   rFlCloud:  It grants immunity to clouds of flame.
   rF:        It greatly protects you from fire.
 l - a +5 demon whip
 m - the +6 shillelagh "Devastator" {shatter}
   (You found it in the Dungeon)
Armour
 c - +5 gold dragon scales (worn)
 d - the +18 shield of the Gong (worn) {Loud rN+ Will+ rCorr EV-5}
   (You found it in the Dungeon)

   Loud:      It is deafeningly noisy when blocking attacks.
   EV:        It affects your evasion (-5).
   rN:        It protects you from negative energy.
   rCorr:     It protects you from acid and corrosion.
   Will:      It increases your willpower.
 n - a +5 crystal plate armour
 o - the +15 Maxwell's patent armour {-Cast -Tele rElec Will+ rCorr}
   (You found it in the Dungeon)

   rElec:     It insulates you from electricity.
   -Cast:     It prevents spellcasting.
   -Tele:     It prevents most forms of teleportation.
   rCorr:     It protects you from acid and corrosion.
   Will:      It increases your willpower.
Jewellery
 j - a +6 ring of strength (right hand)
 k - a +6 ring of strength (left hand)
Potions
 e - 10 potions of curing
 f - 10 potions of heal wounds
 y - 4 potions of resistance
 z - 6 potions of might


   Skills:
 + Level 5.2 Fighting
 + Level 4.1 Maces & Flails
 + Level 5.2 Armour
 + Level 6.2 Shields


You had one spell level left.
You didn't know any spells.
Your spell library was empty.

Dungeon Overview and Level Annotations

Branches:
Dungeon (1/1)

Altars:
Ashenzari
Cheibriados
Dithmenos
Elyvilon
Fedhas
Gozag
Hepliaklqana
Kikubaaqudgha
Makhleb
Nemelex Xobeh
Okawaru
Qazlal
Ru
Sif Muna
Trog
Uskayaw
Vehumet
Wu Jian
Xom
Yredelemnul
Zin
The Shining One
Jiyva
Lugonu

Annotations:
D 1 transporter


Innate Abilities, Weirdness & Mutations

You cannot be hasted, slowed, berserked, paralysed or teleported.
You can dig through walls and to a lower floor.
You have a pair of large antennae on your head. (SInv)
Your four strong arms can wield two-handed weapons with a shield.


Message History

You continue putting on your +5 gold dragon scales. x4
You finish putting on your +5 gold dragon scales.
You start putting on your armour.
You continue putting on the +18 shield of the Gong {Loud rN+ Will+ rCorr EV-5}. x4
You finish putting on the +18 shield of the Gong {Loud rN+ Will+ rCorr EV-5}.
a - the +10 dark maul (weapon)
{heavy} Adjust to which letter? (? for menu, Esc to quit)
n - a +5 crystal plate armour Adjust to which letter? (? for menu, Esc to quit)
o - the +15 Maxwell's patent armour {-Cast -Tele rElec Will+ rCorr} Adjust to which letter? (? for menu, Esc to quit)
k - a +6 ring of strength;
y - 4 potions of resistance Adjust to which letter? (? for menu, Esc to quit)
j - a +6 ring of strength;
z - 6 potions of might You feel stronger.
k - a +6 ring of strength (left hand)
You feel stronger.
j - a +6 ring of strength (right hand)
There is a transporter here.
Welcome to arena 1.
You enter the transporter and appear at another place.
A deep elf zephyrmancer and a deep elf pyromancer come into view.
The deep elf zephyrmancer shouts!
The deep elf pyromancer shouts!
The deep elf pyromancer mumbles some strange words.
The deep elf pyromancer blinks!
Found an amulet of faith and a ring of fire.
Found a transporter.
You hammer the deep elf pyromancer like a gong!!!!
You kill the deep elf pyromancer!
The deep elf zephyrmancer gestures wildly while chanting.
The deep elf zephyrmancer blinks!
The deep elf zephyrmancer gestures at you while chanting.
The bolt of lightning hits you!
Ouch! That really hurt!
The bolt of lightning hits you!! The Shining One protects you from harm!
The deep elf zephyrmancer points at you and mumbles some strange words.
The bolt of lightning hits you!!!
Ouch! That really hurt!
You die...

▓▓▓▓▓▓▓
▓.8e8.▓
{{
▓.....▓
▓.=.§.▓
▓..§..▓
▓...).▓
▓..@..▓
▓▓▓▓▓▓▓
{{{ { {


You could see a deep elf zephyrmancer.

Vanquished Creatures
  A deep elf pyromancer (D)
1 creature vanquished.

Notes
Turn   | Place    | Note
-------+----------+-------------------------------------------
     0 | D        | Heoruswealwe the Formicid Fighter began the quest for the
                  | Orb.
     0 | D        | Reached XP level 1. HP: 18/18 MP: 1/1
     0 | D        | Found a shimmering blue altar of Sif Muna.
     0 | D        | Found a sacrificial altar of Ru.
     0 | D        | Found a bloodstained altar of Trog.
     0 | D        | Found a stormy altar of Qazlal.
     0 | D        | Found an iron altar of Okawaru.
     0 | D        | Found a sparkling altar of Nemelex Xobeh.
     0 | D        | Found a blossoming altar of Fedhas.
     0 | D        | Found the +6 Majin-Bo {spellvamp, MP+6 Int+6}
     0 | D        | Found the +27 heavy crossbow "Sniper" {heavy, Acc+∞ SInv}
     0 | D        | Found the +10 dark maul {heavy}
     0 | D        | Found the +15 Maxwell's patent armour {-Cast -Tele rElec
                  | Will+ rCorr}
     0 | D        | Found the +18 shield of the Gong {Loud rN+ Will+ rCorr
                  | EV-5}
     0 | D        | Found the +16 obsidian axe {drain, demonic, Mesm Drain Fly
                  | SInv}
     0 | D        | Found the +7 great mace "Firestarter" {flame, immolate,
                  | rFlCloud rF++}
     0 | D        | Found the +6 shillelagh "Devastator" {shatter}
     0 | D        | Found the +11 plutonium sword {Contam Stlth-}
     0 | D        | Found the +8 lance "Wyrmbane" {slay drac, rPois rF+ rC+
                  | AC+3}
     0 | D        | Found the +9 sword of Zonguldrok {reap}
     0 | D        | Found the +13 scythe of Curses {drain, curses, Drain}
     0 | D        | Found the +9 sword of Power {lifebolt}
     0 | D        | Found the +7 mace of Variability {chaos, chaos arc}
     0 | D        | Found the +11 Singing Sword {sonic wave}
     0 | D        | Found the +8 storm bow {elec, penet}
     2 | D        | Found a transporter.
     2 | D        | Found an ancient bone altar of Kikubaaqudgha.
     2 | D        | Found a viscous altar of Jiyva.
     2 | D        | Found a corrupted altar of Lugonu.
     2 | D        | Found a hazy altar of Hepliaklqana.
     2 | D        | Found a burning altar of Makhleb.
     2 | D        | Found an opulent altar of Gozag.
    93 | D        | Became a worshipper of the Shining One
   165 | D        | Reached skill level 5 in Fighting
   165 | D        | Reached skill level 5 in Armour
   165 | D        | Reached skill level 6 in Shields
   165 | D        | Reached XP level 2. HP: 27/27 MP: 2/2
   217 | D        | Entered arena 2.
   217 | D        | Noticed a deep elf zephyrmancer
   217 | D        | Noticed a deep elf pyromancer
   217 | D        | Found a transporter.
   218 | D        | Killed a deep elf pyromancer
   218 | D        | The Shining One protects you from harm!
   218 | D        | Killed from afar by a deep elf zephyrmancer

Illustrated notes

Levels and vault maps discovered:
D:        sprint_v [room_start, room_1, room_2, room_3, room_4, room_5, room_6,
          room_7, room_8, room_9, room_10, room_11, room_12, room_13, room_14,
          room_15, room_16, room_17, room_18, room_19, room_20, room_21,
          room_22, room_23, room_24, room_25, room_26, room_27]

Skill      XL: |  1 |
---------------+----+-----
Fighting       | 5 |  5.2
Maces & Flails | 4 |  4.1
Armour         | 5 |  5.2
Shields        | 6 |  6.2

Action                     || total
---------------------------++-------
  Melee: Maul              ||     1
    Use: Potion            ||     1
